 Dungeon Crawl Stone Soup version 0.25-a0-589-g1e14c54 (webtiles) character file.

Game seed: 8359635174568238555, levelgen mode: deterministic

760 Faels the Cutter (level 7, 0/50 HPs)
             Began as a Demonspawn Assassin on Mar 9, 2020.
             Slain by an ogre
             ... wielding a +0 giant spiked club
              (14 damage)
             ... on level 8 of the Dungeon on Mar 10, 2020.
             The game lasted 00:18:34 (6464 turns).

Faels the Cutter (Demonspawn Assassin)              Turns: 6464, Time: 00:18:35

Health: 0/50       AC:  8    Str: 12    XL:     7   Next: 51%
Magic:  7/7        EV: 10    Int: 13    God:
Gold:   77         SH:  0    Dex: 19    Spells: 6/6 levels left

rFire    . . .     SeeInvis +   a - +2 dagger
rCold    . . .     Gourm    .   (no shield)
rNeg     . . .     Faith    .   s - +0 ring mail
rPois    .         Spirit   .   (no helmet)
rElec    .         Reflect  .   c - +0 cloak
rCorr    .         Harm     .   (no gloves)
MR       .....                  (no boots)
Stlth    +++.......             (no amulet)
HPRegen  0.16/turn              u - +4 ring of dexterity
MPRegen  0.10/turn              A - ring of see invisible

@: no status effects
A: hooves 1, thin metallic scales 1, demonic guardian 1, nightstalker 1
a: no special abilities


You were on level 8 of the Dungeon.
You were not hungry.

You visited 2 branches of the dungeon, and saw 8 of its levels.

You collected 77 gold pieces.

Inventory:

Hand Weapons
 a - a +2 dagger (weapon)
 z - a +0 short sword
 B - a +2 vorpal trident
 G - a +3 flail
Missiles
 d - 14 poisoned darts (quivered)
 e - 2 curare-tipped darts
 n - 3 boomerangs
 t - 9 javelins
 w - a throwing net
 y - 2 atropa-tipped darts
Armour
 c - a +0 cloak (worn)
 s - a +0 ring mail (worn)
 C - a +0 chain mail
Jewellery
 u - a +4 ring of dexterity (left hand)
 A - a ring of see invisible (right hand)
Scrolls
 b - 3 scrolls of identify
 j - a scroll of magic mapping
 l - 2 scrolls of remove curse
 o - 4 scrolls of amnesia
 p - 3 scrolls of teleportation
 r - a scroll of immolation {unknown}
 v - a scroll of fear {unknown}
 x - a scroll of blinking {unknown}
Potions
 g - 2 potions of curing
 h - a potion of magic {unknown}
 i - 2 potions of mutation {unknown}
 k - a potion of stabbing {unknown}
 m - a potion of brilliance {unknown}
 q - a potion of heal wounds {unknown}
 D - a potion of lignification {unknown}
 E - a potion of degeneration
 F - a potion of ambrosia {unknown}
Comestibles
 f - 9 rations
 H - a chunk of flesh


   Skills:
 - Level 2.0 Fighting
 * Level 7.7 Short Blades
 - Level 1.7 Throwing
 - Level 0.8 Dodging
 - Level 4.0 Stealth


You had 6 spell levels left.
You didn't know any spells.
Your spell library was empty.

Dungeon Overview and Level Annotations

Branches:
Dungeon (8/15)             Temple (1/1) D:7
   Lair: D:8-11

Altars:
Ashenzari
Dithmenos
Elyvilon
Gozag
Kikubaaqudgha
Makhleb
Nemelex Xobeh
Qazlal
Ru
Trog
Uskayaw
The Shining One
Lugonu

Shops:
D:4 }*=

Annotations:
D:3 1 runed translucent door, Crazy Yiuf
D:5 2 transporters, Caerwyn's ghost, novice FeBe


Innate Abilities, Weirdness & Mutations

You have large cloven feet.
You are partially covered in thin metallic scales. (AC +2)
A weak demonic guardian rushes to your aid.
You are slightly more attuned to the shadows.


Message History

The iguana barely misses your quasit.
Your quasit bites the iguana.
The iguana dies!
Your white imp disappears in a puff of smoke!
The ogre misses your quasit. The ogre closely misses your quasit.
Your quasit disappears in a puff of smoke!
You swap places.
Your iron imp hits the ogre!
You hit the ogre. You kick the ogre, but do no damage.
The ogre is moderately wounded.
The ogre hits you with a +0 giant spiked club!
* * * LOW HITPOINT WARNING * * *
You hit the ogre. You kick the ogre.
The ogre is heavily wounded.
Your iron imp barely misses the ogre.
Okay, then.
You feel better.
The kobold hits your iron imp but does no damage.
The ogre hits you with a +0 giant spiked club!
You die...

,#.##....K.##....#,,*,,,,,,*
****
,#.......(O#.......,*,,,,,,*
*
,#......(.K#.######,,,******
* ,#.....รท.....# *****
,#....##)#.###
*#....##<#.#######
,......#.#..K..K5#
*.......)#######O#
,.......)...#.).@#
**######.#.##.####
*,,,,,...#....#
,,,**###.###### **** #.# ###


You could see an ogre, a kobold and a friendly iron imp.

Vanquished Creatures
  A spriggan (D:7)
  A centaur (D:4)
  A bullfrog zombie (D:8)
  A bullfrog skeleton (D:4)
  An iguana (D:4)
  An orc wizard (D:8)
  Ijyb (D:3)
  2 gnolls (D:2)
  11 adders
  A shadow imp (D:5)
  A white imp (D:7)
  3 oozes (D:1)
  2 worms (D:2)
  3 dart slugs
  3 leopard geckos
  7 orcs
  A giant cockroach (D:3)
  8 goblins
  6 hobgoblins
  2 jackals (D:3)
  12 kobolds
  2 quokkas (D:2)
  4 bats (D:1)
  3 frilled lizards
  A goblin skeleton (D:7)
  A goblin zombie (D:7)
  A kobold skeleton (D:7)
  2 kobold zombies (D:7)
  11 rats
  2 fungi (D:3)
96 creatures vanquished.

Vanquished Creatures (collateral kills)
  A black bear (D:8)
  A bullfrog (D:7)
  A crimson imp (D:7)
  2 orc priests (D:8)
  An iguana (D:8)
  2 gnolls (D:2)
  An orc (D:8)
  A goblin skeleton (D:7)
  A hobgoblin zombie (D:7)
11 creatures vanquished.

Grand Total: 107 creatures vanquished

Notes
Turn   | Place    | Note
-------+----------+-------------------------------------------
     0 | D:1      | Faels the Demonspawn Assassin began the quest for the Orb.
     0 | D:1      | Reached XP level 1. HP: 16/16 MP: 1/1
    40 | D:1      | Reached skill level 2 in Short Blades
   115 | D:1      | Gained mutation: A weak demonic guardian rushes to your
                  | aid. [demonic ancestry]
   115 | D:1      | Reached XP level 2. HP: 22/22 MP: 2/2
   654 | D:1      | Reached XP level 3. HP: 27/27 MP: 3/3
   946 | D:2      | Reached skill level 3 in Short Blades
  1296 | D:2      | Found an opulent altar of Gozag.
  1568 | D:2      | Gained mutation: You are partially covered in thin metallic
                  | scales. (AC +2) [demonic ancestry]
  1568 | D:2      | Reached XP level 4. HP: 21/33 MP: 4/4
  2020 | D:2      | Reached skill level 4 in Short Blades
  2476 | D:2      | Found a shadowy altar of Dithmenos.
  2889 | D:3      | Gained mutation: You have large cloven feet. [demonic
                  | ancestry]
  2889 | D:3      | Reached XP level 5. HP: 23/38 MP: 5/5
  3245 | D:3      | Noticed Ijyb
  3293 | D:3      | Killed Ijyb
  3714 | D:3      | Reached skill level 5 in Short Blades
  4108 | D:3      | Found a runed translucent door.
  4109 | D:3      | Noticed Crazy Yiuf
  4270 | D:4      | Found Qorutacw's Gadget Shoppe.
  4323 | D:4      | Noticed a centaur
  4327 | D:4      | Killed a centaur
  4327 | D:4      | Gained mutation: You are slightly more attuned to the
                  | shadows. [demonic ancestry]
  4327 | D:4      | Reached XP level 6. HP: 44/44 MP: 6/6
  4335 | D:4      | Found Yrishog's Jewellery Shop.
  4745 | D:4      | Reached skill level 6 in Short Blades
  5040 | D:4      | Found Paru's Assorted Antiques.
  5153 | D:5      | Entered Level 5 of the Dungeon
  5331 | D:5      | Noticed Caerwyn's ghost (novice FeBe)
  5334 | D:5      | Found a transporter.
  5335 | D:5      | Found a transporter.
  5442 | D:5      | You fall into a shaft and drop 3 floors!
  5494 | D:7      | Found a glowing golden altar of the Shining One.
  5737 | D:7      | Noticed a spriggan baker
  5746 | D:7      | Killed a spriggan baker
  5746 | D:7      | Reached XP level 7. HP: 40/50 MP: 7/7
  5812 | D:7      | Reached skill level 7 in Short Blades
  5970 | D:7      | Noticed a troll
  5981 | D:7      | Found a staircase to the Ecumenical Temple.
  6160 | Temple   | Entered the Ecumenical Temple
  6464 | D:8      | Slain by an ogre

Levels and vault maps discovered:
D:1:      roderic_dead_forest, layout_basic
D:2:      layout_basic, nicolae_dithmenos_through_a_glass_darkly,
          lemuel_crystal_altar, first_ration
D:3:      layout_loops_cross, uniq_crazy_yiuf_cottage, uniq_ijyb
D:4:      layout_gridville, serial_shops, nicolae_shop_trees,
          nicolae_shop_behind_doors, nicolae_shop_temple_entry_statues_fountains
D:5:      layout_basic, serial_glass, glass_columns_a, glass_columns_a,
          minmay_strange_pillars, gammafunk_ghost_hive, uniq_sigmund
D:7:      gammafunk_cloud_chamber, layout_basic, nicolae_tso_besieged_by_evil,
          grunt_temple_overflow_open, minmay_temple_entry_from_below_b,
          the_bakery
D:8:      layout_basic, minivault_5, minmay_nine_imps
Temple:   corrupted_temple

Skill      XL: |  1  2  3  4  5  6  7 |
---------------+----------------------+-----
Short Blades   | 2 3 4 5 6 7 |  7.7
Stealth        | 4 |  4.0
Fighting       | |  2.0
Throwing       | |  1.7
Dodging        | |  0.8

Action                   |  1- 3 |  4- 6 |  7- 9 || total
-------------------------+-------+-------+-------++-------
Melee: Dagger            |    90 |   301 |    70 ||   461
       Kick              |       |    58 |    22 ||    80
Throw: Dart              |    10 |     5 |       ||    15
  Use: Scroll            |       |     8 |     3 ||    11
       Potion            |       |       |     1 ||     1
 Stab: Sleeping          |     7 |    13 |       ||    20
       Distracted        |       |     1 |       ||     1
  Eat: Chunk             |       |    11 |       ||    11
       Ration            |       |     1 |     1 ||     2
Armor: Robe              |    14 |       |       ||    14
       Ring mail         |     7 |    75 |     4 ||    86
       Chain mail        |       |    44 |    32 ||    76
Dodge: Dodged            |    49 |   119 |    14 ||   182

Table legend:
 A = Non-vault XP
 B = Vault XP
 C = Vault XP percentage of total XP
 D = Non-vault monster count
 E = Vault monster count
 F = Vault count percentage of total count
                 A         B        C        D         E       F
            +---------+---------+-------+---------+---------+-------
      Total |     888 |     199 |  18.3 |      95 |      10 |   9.5
            +---------+---------+-------+---------+---------+-------
        D:1 |      43 |       0 |   0.0 |      18 |       0 |   0.0
        D:2 |     117 |       0 |   0.0 |      25 |       0 |   0.0
        D:3 |     100 |      33 |  24.8 |      29 |       1 |   3.3
        D:4 |     237 |       0 |   0.0 |       9 |       0 |   0.0
        D:5 |      12 |       0 |   0.0 |       1 |       0 |   0.0
        D:7 |     134 |     166 |  55.3 |       4 |       9 |  69.2
        D:8 |     245 |       0 |   0.0 |       9 |       0 |   0.0
            +---------+---------+-------+---------+---------+-------
